 Dungeon Crawl Stone Soup version 0.29.1-4-g47bece8355 (webtiles) character file.

Game seed: 3835875647973046803

289369 retardedninja the Axe Maniac (level 20, -18/212 HPs)
             Began as a Hill Orc Fighter on Dec 1, 2022.
             Was an Initiate of Gozag.
             Demolished by a rockslime (20 damage)
             ... on level 4 of the Pits of Slime.
             The game lasted 01:21:01 (55120 turns).

retardedninja the Axe Maniac (Hill Orc Fighter)    Turns: 55120, Time: 01:21:02

Health: -18/212    AC: 22    Str: 31    XL:     20   Next: 72%
Magic:  20/20      EV: 12    Int:  9    God:    Gozag
Gold:   3922       SH:  0    Dex: 10    Spells: 19/19 levels left

rFire   + + .      SeeInvis .   s - +9 battleaxe (flame)
rCold   + + .      Faith    .   (shield currently unavailable)
rNeg    . . .      Spirit   .   T - +2 crystal plate armour {rC+}
rPois   +          Reflect  .   a - +1 hat
rElec   .          Harm     .   r - +0 cloak
rCorr   .          Rampage  .   m - +2 pair of gloves "Ketise" {rPois Int+3}
Will    ++...      Clarity  +   h - +0 pair of boots
Stlth   ..........              B - amulet of Equivalence {rC+ Regen+ Str+3 Int-2}
HPRegen 1.25/turn               w - ring "Puaxam" {rPois rF+ Will+ EV+4 Stlth-}
MPRegen 0.17/turn               E - +4 ring of protection

@: mighty, corroded, invisible
A: horns 2, clarity, deformed body, fire resistance 1, MP-powered wands
}: 2/15 runes: serpentine, barnacled
a: Renounce Religion, Potion Petition, Call Merchant, Bribe Branch


You were on level 4 of the Pits of Slime.
You worshipped Gozag.
Gozag was most pleased with you.
You visited 8 branches of the dungeon, and saw 39 of its levels.
You also visited: Ice Cave.

You collected 16174 gold pieces.
You spent 5403 gold pieces at shops.
You paid 6849 gold pieces to Gozag.

Inventory:

Hand Weapons
 s - a +9 battleaxe of flaming (weapon)
 x - a +5 battleaxe of freezing
Missiles
 K - 12 javelins
 V - a throwing net
Armour
 a - a +1 hat (worn)
 h - a +0 pair of boots (worn)
 m - the +2 pair of gloves "Ketise" (worn) {rPois Int+3}
   (You found it on level 2 of the Dungeon)

   Int:       It affects your intelligence (+3).
   rPois:     It protects you from poison.
 r - a +0 cloak (worn)
 T - a +2 crystal plate armour of cold resistance (worn)
Jewellery
 b - a ring of willpower
 k - a ring of wizardry
 w - the ring "Puaxam" (left hand) {rPois rF+ Will+ EV+4 Stlth-}
   (You found it on level 7 of the Dungeon)

   [ring of evasion]

   EV:        It affects your evasion (+4).
   rF:        It protects you from fire.
   rPois:     It protects you from poison.
   Will:      It increases your willpower.
   Stlth:     It makes you less stealthy.
 B - the amulet of Equivalence (around neck) {rC+ Regen+ Str+3 Int-2}
   (You found it on level 13 of the Dungeon)

   [amulet of regeneration]

   Str:       It affects your strength (+3).
   Int:       It affects your intelligence (-2).
   rC:        It protects you from cold.
   Regen:     It increases your rate of health regeneration.
 E - a +4 ring of protection (right hand)
 U - the ring of Niacarghe {*Corrode rPois rF+ Slay+4}
   (You took it off a naga mage on level 4 of the Snake Pit)

   [ring of slaying]

   Slay:      It affects your accuracy & damage with ranged weapons and melee
   (+4).
   rF:        It protects you from fire.
   rPois:     It protects you from poison.
   *Corrode:  It may corrode you when you take damage.
Wands
 i - a wand of acid (38)
 p - a wand of roots (40)
 C - a wand of mindburst (33)
 D - a wand of charming (11)
 F - a wand of digging (8)
Scrolls
 c - a scroll of torment {unknown}
 d - 7 scrolls of butterflies
 f - 3 scrolls of immolation
 g - 16 scrolls of teleportation
 t - 2 scrolls of summoning
 u - 7 scrolls of amnesia
 v - 2 scrolls of silence
 A - 5 scrolls of fear
 I - 5 scrolls of poison
 M - 4 scrolls of magic mapping
 N - 6 scrolls of identify
Potions
 e - 2 potions of attraction
 j - 6 potions of heal wounds
 l - 5 potions of brilliance
 o - 23 potions of curing
 q - 6 potions of flight
 z - 4 potions of resistance
 H - a potion of haste
 Q - 3 potions of ambrosia
 R - 4 potions of magic
 S - 2 potions of cancellation
Miscellaneous
 n - a phial of floods
 y - a phantom mirror
 J - a tin of tremorstones (2/2)
 P - a condenser vane
 X - a lightning rod (4/4)


   Skills:
 * Level 25.8 Fighting
 O Level 27 Axes
 + Level 0.3 Throwing
 + Level 19.9 Armour
 + Level 3.0 Dodging
 - Level 5.0 Stealth
 + Level 6.3 Shields
 + Level 3.8 Evocations


You had 19 spell levels left.
You didn't know any spells.
Your spell library contained the following spells:

 Spells                   Type           Power      Damage    Failure   Level
 Magic Dart               Conj           0%         1d3       98%         1
 Sting                    Tmut/Pois      0%         1d3       98%         1
 Summon Small Mammal      Summ           0%         N/A       98%         1
 Blink                    Tloc           0%         N/A       99%         2
 Call Imp                 Summ           0%         N/A       99%         2
 Poisonous Vapours        Pois/Air       0%         N/A       99%         2
 Static Discharge         Conj/Air       0%         3-3/arc   99%         2
 Sublimation of Blood     Necr           0%         N/A       99%         2
 Dazzling Flash           Conj/Hex       0%         N/A       100%        3
 Frozen Ramparts          Ice            0%         1d1       100%        3
 Gell's Gravitas          Tloc           0%         N/A       100%        3
 Lesser Beckoning         Tloc           0%         N/A       100%        3
 Mephitic Cloud           Conj/Pois/Air  0%         N/A       100%        3
 Stone Arrow              Conj/Erth      0%         3d7       100%        3
 Swiftness                Air            0%         N/A       100%        3
 Teleport Other           Tloc           0%         N/A       100%        3
 Animate Armour           Summ/Erth      0%         N/A       100%        4
 Dispel Undead            Necr           0%         3d6       100%        4
 Ice Form                 Ice/Tmut       0%         N/A       100%        4
 Iskenderun's Mystic Bla  Conj/Tloc      0%         2d3       100%        4
 Leda's Liquefaction      Hex/Erth       0%         N/A       100%        4
 Olgreb's Toxic Radiance  Pois           0%         N/A       100%        4
 Petrify                  Tmut/Erth      0%         N/A       100%        4
 Sticky Flame             Conj/Fire      0%         2d3       100%        4
 Summon Ice Beast         Ice/Summ       0%         N/A       100%        4
 Irradiate                Conj/Tmut      0%         3d11      100%        5
 Lee's Rapid Deconstruct  Erth           0%         3d5*      100%        5
 Lightning Bolt           Conj/Air       0%         1d11      100%        5
 Manifold Assault         Tloc           0%         N/A       100%        5
 Starburst                Conj/Fire      0%         6d3       100%        6
 Statue Form              Tmut/Erth      0%         N/A       100%        6
 Haunt                    Necr/Summ      0%         N/A       100%        7
 Monstrous Menagerie      Summ           0%         N/A       100%        7
 Infestation              Necr           0%         N/A       100%        8
 Lehudib's Crystal Spear  Conj/Erth      0%         10d2      100%        8
 Maxwell's Capacitive Co  Air            0%         ∞         100%        8
 Shatter                  Erth           0%         3d5*      100%        9
 Animate Dead             Necr           Unusable   N/A       N/A         4

Dungeon Overview and Level Annotations

Branches:
Dungeon (15/15)            Temple (1/1) D:7            Lair (5/5) D:10
 Shoals (4/4) Lair:2        Snake (4/4) Lair:2        Slime (5/5) Lair:5
    Orc (2/2) D:10            Elf (3/3) Orc:2        Vaults (0/5) D:14
 Depths (0/4) D:15          IceCv (visited)

Altars:
Ashenzari
Cheibriados
Dithmenos
Elyvilon
Fedhas
Gozag
Hepliaklqana
Kikubaaqudgha
Nemelex Xobeh
Qazlal
Ru
Sif Muna
Trog
Uskayaw
Wu Jian
Xom
Zin
The Shining One
Jiyva

Shops:
D:4 [   D:10 *   Orc:2 *(?=   Elf:1 =   Elf:2 [?   Elf:3 (   Shoals:1 !
Shoals:4 =   Snake:1 [?**   Snake:2 (::=?

Portals:
Pandemonium: Orc:2

Annotations:
D:11 2 runed translucent doors, Rudyous's ghost, journeyman HOFi
Lair:2 2 transporters, kingsuperguy's ghost, journeyman MiBe
Elf:3 3 runed translucent doors


Innate Abilities, Weirdness & Mutations

You have a pair of horns on your head.
You possess an exceptional clarity of mind.
Armour fits poorly on your strangely shaped body.
Your flesh is heat resistant. (rF+)
You expend magic power (3 MP) to strengthen your wands.


Message History

The splash of acid hits you but does no damage.
You slice the acid blob like a ripe choko!!!
You burn the acid blob!! The acid corrodes you!
Your hands burn!
* * * LOW HITPOINT WARNING * * *
The acid blob is severely wounded.
You hit the rockslime but do no damage. The rockslime hits you!
* * * LOW HITPOINT WARNING * * *
You stumble backwards!
You slice the acid blob!! You burn the acid blob.
Your hands burn!
* * * LOW HITPOINT WARNING * * *
You headbutt the acid blob!
You kill the acid blob!
That felt strangely unrewarding.
You hit the rockslime but do no damage.
The rockslime hits you but does no damage.
The rockslime hits you!!
* * * LOW HITPOINT WARNING * * *
You stumble backwards!
A rockslime is nearby!
You feel much better. The rockslime hits you!!
* * * LOW HITPOINT WARNING * * *
You stumble backwards!
You barely miss the rockslime.
You headbutt the rockslime, but do no damage.
The rockslime hits you!!
* * * LOW HITPOINT WARNING * * *
You stumble backwards!
Okay, then. [a] - 288 gold - invisibility and might [b] - 406 gold - resistance and might [c] - 360 gold - invisibility and might Purchase which effect? [a] - 288 gold - invisibility and might [b] - 406 gold - resistance and might [c] - 360 gold - invisibility and might Purchase which effect?
You fade into invisibility!
You feel very mighty all of a sudden.
The rockslime jiggles.
The rockslime hits you!!
You die...
Your body crumbles into a pile of gold.

##...$$....#....#.#####
#......$..###.....##
##.......#..###.....# #
.............##....### ..
..........<.####.....###..#
..........$$#..#..........#
#.#........#.............##
.....#...............#.###
#....#..........@....###
##..............J.....###
#....##..##.............####
##...##..................#.##
#.....#.....#..>.......$...#
##..........................#
#...................#.#......#
##.##..................#.##.##
###...#...#..............###


You could see a rockslime.

Vanquished Creatures
  the Royal Jelly (Slime:5)
  Saint Roka (Snake:3)
  An Ice Fiend (IceCv)
  A deep elf blademaster (Elf:2)
  Asterion (Elf:2)
  A quicksilver dragon (Snake:4)
  11 acid blobs
  3 krakens
  Donald (Snake:4)
  3 nagarajas
  Ilsuiw (Shoals:3)
  10 rockslimes
  8 azure jellies
  A deep elf sorcerer (Elf:3)
  An orc warlord (Orc:1)
  2 deep elf elementalists (Elf:3)
  2 very ugly things
  11 quicksilver oozes
  A dire elephant (D:15)
  Snorg (Orc:1)
  4 merfolk javelineers
  7 merfolk impalers
  A deep elf high priest (Elf:1)
  5 hydras
  5 great orbs of eyes
  5 salamander tyrants
  4 vault guards (D:14)
  3 caustic shrike simulacra (IceCv)
  4 boulder beetles
  A catoblepas (D:15)
  5 merfolk aquamancers
  A centaur warrior (D:13)
  A demonspawn (Orc:2)
  3 merfolk avatars (Shoals:4)
  23 anacondas
  11 naga warriors
  6 death yaks
  4 two-headed ogres
  4 tengu warriors
  25 dancing weapons
  Urug (D:12)
  10 naga sharpshooters
  7 orc high priests (Orc:2)
  Sonja (Lair:3)
  9 shock serpents
  11 deep elf knights
  A sun demon (D:15)
  Amaemon (D:9)
  A salamander mystic (Snake:3)
  20 sea snakes
  3 deep elf archers
  A flayed ghost (D:14)
  2 obsidian statues (IceCv)
  8 naga ritualists
  A bog body (IceCv)
  A kraken simulacrum (Shoals:4)
  22 harpies
  A lindwurm (Lair:3)
  A spriggan simulacrum (IceCv)
  2 wizards (D:14)
  5 orc knights (Orc:2)
  25 deep elf pyromancers
  9 mana vipers
  24 deep elf zephyrmancers
  A harpy (shapeshifter) (D:15)
  A shining eye (shapeshifter) (D:14)
  An oklob plant (Lair:1)
  A wolf spider (D:15)
  7 orc sorcerers
  9 cyclopes
  23 ugly things
  12 manticores
  3 fauns (Shoals:3)
  3 shining eyes
  Maurice (Orc:1)
  11 merfolk sirens
  9 salamanders
  38 black mambas
  5 water nymphs
  11 naga magi
  An elephant (shapeshifter) (D:13)
  An eye of devastation (Slime:1)
  A guardian serpent (Snake:4)
  14 cane toads
  3 orange demons
  2 torpor snails
  A gargoyle (D:14)
  Maggie (Lair:2)
  A kobold demonologist (D:10)
  A rime drake (shapeshifter) (D:10)
  4 rime drakes
  A tengu conjurer (D:13)
  An ice devil (D:15)
  7 freezing wraiths
  3 efreet (D:14)
  3 golden dragon simulacra (IceCv)
  10 komodo dragons
  32 merfolk
  An anaconda simulacrum (IceCv)
  7 trolls
  A meliai (D:14)
  3 polar bears
  59 slime creatures
  7 wind drakes
  5 hornets
  12 blink frogs
  7 dream sheep (Lair:5)
  13 snapping turtles
  5 air elementals
  2 shadows
  11 spriggans (Lair:5)
  9 water elementals
  A vampire (D:11)
  7 wyverns
  55 yaks
  4 wraiths
  2 fire elementals
  A vampire mosquito (D:14)
  7 golden eyes
  8 basilisks
  5 steam dragons
  7 wargs
  30 nagas
  2 hydra simulacra (IceCv)
  11 water moccasins
  38 orc warriors
  A swamp drake (D:10)
  An ice beast (D:7)
  A sky beast (D:7)
  11 black bears
  An alligator simulacrum (IceCv)
  3 ettin simulacra (IceCv)
  5 boggarts (Lair:5)
  27 wolves
  4 ogres
  6 centaurs
  A kobold brigand (D:9)
  4 gnoll sergeants
  3 necrophages
  10 bullfrogs
  A deep troll simulacrum (IceCv)
  5 earth elementals
  4 scorpions
  4 wights (D:8)
  12 killer bees
  A lindwurm simulacrum (IceCv)
  4 howler monkeys
  2 electric eels (D:10)
  4 crimson imps (D:15)
  7 hounds
  5 jellies
  33 orc priests
  Crazy Yiuf (D:4)
  An iguana (D:5)
  Ijyb (D:4)
  25 orc wizards
  21 gnolls
  7 adders
  6 white imps
  An ufetubus (D:5)
  3 worms
  3 dart slugs
  81 orcs
  5 endoplasms
  2 giant cockroaches
  13 goblins
  10 hobgoblins
  2 jackals (D:2)
  5 quokkas
  A ball python (D:1)
  7 bats
  4 frilled lizards
  4 kobolds
  3 rats
  A bush (Lair:1)
  A plant (Lair:1)
  10 tentacles
1272 creatures vanquished.

Vanquished Creatures (collateral kills)
  A quicksilver dragon (Snake:4)
  A deep elf knight (Elf:3)
  A deep elf zephyrmancer (Elf:3)
  A deep elf pyromancer (Elf:3)
4 creatures vanquished.

Vanquished Creatures (others)
  2 tentacled monstrosities (Elf:3)
  A deep elf master archer (Elf:3)
  2 deep elf sorcerers (Elf:3)
  3 deep elf elementalists (Elf:3)
  2 very ugly things (Elf:3)
  2 deep elf demonologists (Elf:3)
  2 deep elf annihilators (Elf:3)
  A merfolk impaler (Shoals:4)
  2 deep elf high priests (Elf:3)
  2 deep elf knights (Elf:3)
  A glowing orange brain (Elf:3)
  2 deep elf archers (Elf:3)
  2 deep elf zephyrmancers (Elf:3)
  2 gnolls (D:9)
  A white imp (D:15)
  6 demonic plants (D:2)
  19 fungi
  70 plants
  13 tentacles
  2 withered plants (D:2)
137 creatures vanquished.

Grand Total: 1413 creatures vanquished

Notes
Turn   | Place    | Note
-------+----------+-------------------------------------------
     0 | D:1      | retardedninja the Hill Orc Fighter began the quest for the
                  | Orb.
     0 | D:1      | Reached XP level 1. HP: 19/19 MP: 1/1
   411 | D:1      | Reached XP level 2. HP: 22/27 MP: 2/2
   539 | D:1      | Reached skill level 3 in Axes
   851 | D:1      | Reached XP level 3. HP: 6/33 MP: 3/3
  1318 | D:2      | Reached XP level 4. HP: 24/40 MP: 4/4
  1553 | D:2      | Reached skill level 4 in Axes
  1671 | D:2      | Identified the +2 pair of gloves "Ketise" {rPois Int+3}
  1783 | D:2      | Found a faded altar of an unknown god.
  2602 | D:3      | Noticed a scorpion
  2609 | D:3      | Killed a scorpion
  2610 | D:3      | Reached skill level 5 in Axes
  2610 | D:3      | Reached XP level 5. HP: 23/47 MP: 5/5
  3135 | D:4      | Found Gonoesm's Antique Armour Boutique.
  3135 | D:4      | Noticed Ijyb
  3154 | D:4      | Killed Ijyb
  3207 | D:4      | Reached XP level 6. HP: 47/55 MP: 6/6
  3281 | D:4      | Found a blossoming altar of Fedhas.
  3281 | D:4      | Found a glowing golden altar of the Shining One.
  3281 | D:4      | Found an ancient bone altar of Kikubaaqudgha.
  3410 | D:4      | Reached skill level 6 in Axes
  3577 | D:4      | Reached skill level 5 in Fighting
  4156 | D:4      | Found a runed translucent door.
  4157 | D:4      | Noticed Crazy Yiuf
  4172 | D:4      | Killed Crazy Yiuf
  4173 | D:4      | Reached skill level 7 in Axes
  4173 | D:4      | Reached XP level 7. HP: 61/61 MP: 7/7
  4218 | D:5      | Entered Level 5 of the Dungeon
  4551 | D:5      | Reached skill level 5 in Armour
  4605 | D:5      | Reached skill level 8 in Axes
  4686 | D:5      | Reached XP level 8. HP: 63/70 MP: 8/8
  4871 | D:5      | Reached skill level 9 in Axes
  5363 | D:6      | Noticed a shadow
  5387 | D:6      | Killed a shadow
  5388 | D:6      | Reached skill level 10 in Axes
  6577 | D:7      | Noticed a wraith
  6614 | D:6      | Killed a wraith
  6615 | D:6      | Reached XP level 9. HP: 35/78 MP: 9/9
  7140 | D:7      | Reached skill level 11 in Axes
  7338 | D:7      | Identified the ring "Puaxam" {rPois rF+ Will+ EV+4 Stlth-}
  7347 | D:7      | Found a staircase to the Ecumenical Temple.
  7383 | D:7      | Reached skill level 5 in Shields
  8554 | D:7      | Reached skill level 12 in Axes
  8952 | D:7      | Noticed a deep elf pyromancer
  9011 | D:7      | Killed a deep elf pyromancer
  9012 | D:7      | Reached skill level 1 in Dodging
  9330 | D:7      | Got the Codex of the Wind and the Boulder
  9565 | D:7      | Reached XP level 10. HP: 86/86 MP: 10/10
  9569 | D:7      | Reached skill level 13 in Axes
  9796 | D:7      | Identified a scroll of acquirement
  9796 | D:7      | Acquired 806 gold pieces
  9891 | D:4      | Bought a shiny plate armour for 806 gold pieces
 10533 | D:8      | Reached skill level 1 in Stealth
 10539 | D:8      | Reached skill level 14 in Axes
 10735 | D:8      | Found a shimmering blue altar of Sif Muna.
 11632 | D:9      | Reached skill level 15 in Axes
 11638 | D:9      | Reached XP level 11. HP: 71/95 MP: 11/11
 11905 | D:9      | Noticed a two-headed ogre
 11913 | D:9      | Killed a two-headed ogre
 12148 | D:9      | Noticed Amaemon
 12163 | D:9      | Killed Amaemon
 12164 | D:9      | Reached skill level 16 in Axes
 12915 | D:10     | Entered Level 10 of the Dungeon
 13008 | D:10     | Found Cusomal's Assorted Antiques.
 13103 | D:10     | Bought an ancient falchion for 144 gold pieces
 13103 | D:10     | Identified the +8 falchion of Division {vorpal, Int+7 Dex-2
                  | Stlth+} (You bought it in a shop on level 10 of the
                  | Dungeon)
 13196 | Temple   | Entered the Ecumenical Temple
 13248 | Temple   | Became a worshipper of Gozag Ym Sagoz the Greedy
 13397 | D:10     | Noticed a two-headed ogre
 13411 | D:10     | Killed a two-headed ogre
 13462 | D:10     | Found a staircase to the Lair.
 13477 | D:10     | Reached skill level 17 in Axes
 13781 | D:10     | Found an ornate altar of the Wu Jian Council.
 13783 | D:10     | Found an ornate altar of the Wu Jian Council.
 13783 | D:10     | Found a shimmering altar of Xom.
 13785 | D:10     | Found a snail-covered altar of Cheibriados.
 13785 | D:10     | Found a shimmering altar of Xom.
 13785 | D:10     | Found a sparkling altar of Nemelex Xobeh.
 13839 | D:10     | Noticed a two-headed ogre
 13849 | D:10     | Killed a two-headed ogre
 14342 | D:10     | Found a staircase to the Orcish Mines.
 14358 | D:10     | Noticed a soul eater
 14370 | D:10     | Reached skill level 10 in Fighting
 14376 | D:10     | Found the +6 shillelagh "Devastator" {shatter}
 14389 | D:10     | Reached skill level 10 in Armour
 15343 | D:11     | Noticed a manticore
 15343 | D:11     | Found the +10 Black Knight's barding {ponderous, rPois rN+}
 15355 | D:11     | Killed a manticore
 15356 | D:11     | Reached XP level 12. HP: 64/106 MP: 12/12
 15573 | D:11     | Found a runed translucent door.
 15592 | D:11     | Noticed a deep troll earth mage
 15592 | D:11     | Noticed an ettin
 15593 | D:11     | Noticed a lich
 15593 | D:11     | Found a runed translucent door.
 15595 | D:11     | Noticed Rudyous's ghost (journeyman HOFi)
 15808 | D:11     | Reached skill level 1 in Evocations
 16182 | D:12     | Reached skill level 18 in Axes
 16534 | D:12     | Noticed a two-headed ogre
 16541 | D:12     | Killed a two-headed ogre
 16692 | D:13     | Noticed Urug
 16692 | D:13     | Noticed a boulder beetle
 16725 | D:12     | Killed a boulder beetle
 16964 | D:12     | Killed Urug
 17575 | D:13     | Found a glowing silver altar of Zin.
 17644 | D:13     | Noticed a tengu warrior
 17649 | D:13     | Killed a tengu warrior
 17716 | D:13     | Identified the amulet of Equivalence {rC+ Regen+ Str+3
                  | Int-2}
 17772 | D:13     | Noticed a centaur warrior
 17781 | D:13     | Killed a centaur warrior
 17782 | D:13     | Reached skill level 19 in Axes
 18106 | Lair:1   | Entered Level 1 of the Lair of Beasts
 18271 | Lair:1   | Reached XP level 13. HP: 117/117 MP: 13/13
 19477 | Lair:2   | Reached skill level 20 in Axes
 19497 | Lair:2   | Noticed Maggie
 19504 | Lair:2   | Killed Maggie
 19572 | Lair:2   | Found a staircase to the Snake Pit.
 19714 | Lair:2   | Found a transporter.
 19727 | Lair:2   | Found a transporter.
 19798 | Lair:2   | Noticed kingsuperguy's ghost (journeyman MiBe)
 19836 | Lair:2   | Found a staircase to the Shoals.
 20414 | Lair:3   | Noticed Sonja
 20444 | Lair:3   | Killed Sonja
 20959 | Lair:4   | Identified the +1 ring mail "Ceqeach" {-Cast rN+ rCorr
                  | Dex+3}
 21412 | Lair:5   | Entered Level 5 of the Lair of Beasts
 21412 | Lair:5   | Found a staircase to the Slime Pits.
 21714 | Lair:4   | Reached XP level 14. HP: 84/130 MP: 14/14
 21717 | Lair:4   | Reached skill level 21 in Axes
 21942 | Lair:5   | Found a viscous altar of Jiyva.
 22739 | Lair:5   | Reached skill level 15 in Fighting
 22746 | Lair:5   | Reached skill level 22 in Axes
 22844 | Lair:5   | Identified the +3 ring mail of the King of the Hill {rF+
                  | rN++ MP+9 Stlth-}
 23346 | Orc:1    | Entered Level 1 of the Orcish Mines
 23529 | Orc:1    | Noticed Maurice
 23534 | Orc:1    | Noticed Snorg
 23538 | Orc:1    | Killed Maurice
 23550 | Orc:1    | Killed Snorg
 23912 | Orc:2    | Entered Level 2 of the Orcish Mines
 23912 | Orc:2    | Noticed an orc warlord
 24084 | Orc:1    | Killed an orc warlord
 24160 | Orc:1    | Reached XP level 15. HP: 137/142 MP: 15/15
 25433 | D:4      | Bought an embroidered hat for 217 gold pieces
 25698 | Orc:2    | Found Luynuok's General Store.
 25707 | Orc:2    | Found Vetegyta's Magic Scroll Boutique.
 25769 | Orc:2    | Bought a scroll of enchant weapon for 120 gold pieces
 25772 | Orc:2    | Bought a scroll of blinking for 105 gold pieces
 26155 | Orc:2    | Found a staircase to the Elven Halls.
 26241 | Orc:2    | Reached skill level 23 in Axes
 26646 | Orc:2    | Found Wouru's Jewellery Emporium.
 26646 | Orc:2    | Found Viunliski's Antique Weapon Shoppe.
 26647 | Orc:2    | Found a one-way gate leading to the halls of Pandemonium.
 27082 | D:14     | Gained mutation: You occasionally lose the ability to drink
                  | potions when taking damage. [a shining eye]
 27503 | D:14     | Found a gate to the Vaults.
 27851 | D:14     | Found a shadowy altar of Dithmenos.
 28290 | D:15     | Entered Level 15 of the Dungeon
 28442 | D:15     | Reached XP level 16. HP: 146/156 MP: 16/16
 28719 | D:15     | Found a staircase to the Depths.
 29249 | D:15     | Lost mutation: You occasionally lose the ability to drink
                  | potions when taking damage. [potion of mutation]
 29249 | D:15     | Gained mutation: You are frail. (-10% HP) [potion of
                  | mutation]
 29249 | D:15     | Gained mutation: You are clumsy. (Dex -2) [potion of
                  | mutation]
 29250 | D:15     | Lost mutation: You are clumsy. (Dex -2) [potion of
                  | mutation]
 29250 | D:15     | Lost mutation: You are frail. (-10% HP) [potion of
                  | mutation]
 29250 | D:15     | Gained mutation: You have a pair of small horns on your
                  | head. [potion of mutation]
 29250 | D:15     | Gained mutation: You expend magic power (3 MP) to
                  | strengthen your wands. [potion of mutation]
 29250 | D:15     | Gained mutation: You possess an exceptional clarity of
                  | mind. [potion of mutation]
 29250 | D:15     | Gained mutation: You have a pair of horns on your head.
                  | [potion of mutation]
 29388 | Shoals:1 | Entered Level 1 of the Shoals
 29641 | Shoals:1 | Reached skill level 24 in Axes
 29850 | Shoals:1 | Reached skill level 15 in Armour
 29924 | Shoals:1 | Found Genineb's Distillery.
 29981 | Shoals:1 | Bought a potion of might for 56 gold pieces
 29981 | Shoals:1 | Bought a potion of might for 56 gold pieces
 29981 | Shoals:1 | Bought a potion of invisibility for 112 gold pieces
 29981 | Shoals:1 | Bought a potion of curing for 42 gold pieces
 29981 | Shoals:1 | Bought a potion of curing for 42 gold pieces
 30347 | Orc:2    | Bought a ring of flight for 227 gold pieces
 31035 | Shoals:2 | Found a hide-covered altar of Uskayaw.
 31038 | Shoals:2 | Noticed a kraken
 31047 | Shoals:2 | Killed a kraken
 31432 | Shoals:2 | Noticed a kraken
 31440 | Shoals:2 | Killed a kraken
 31764 | Shoals:3 | Found a frozen archway.
 32316 | IceCv    | Entered an ice cave
 33655 | IceCv    | Reached XP level 17. HP: 168/168 MP: 17/17
 34089 | IceCv    | Noticed an Ice Fiend
 34099 | IceCv    | Killed an Ice Fiend
 34284 | Shoals:3 | Noticed Ilsuiw
 34334 | Shoals:3 | Killed Ilsuiw
 35389 | Shoals:3 | Reached skill level 25 in Axes
 35687 | Shoals:4 | Entered Level 4 of the Shoals
 35728 | Shoals:4 | Found Ukyloim's Jewellery Shop.
 36767 | Shoals:4 | Identified the amulet "Behenuzixyp" {Regen+ Stlth+}
 36946 | Shoals:4 | Got a barnacled rune of Zot
 37162 | Shoals:4 | Noticed a kraken
 37168 | Shoals:4 | Killed a kraken
 37772 | Snake:1  | Entered Level 1 of the Snake Pit
 38047 | Snake:1  | Found Tiadaerecs's General Store.
 38066 | Snake:1  | Found Quism's Assorted Antiques.
 38066 | Snake:1  | Found Qemoak's Armour Shop.
 38068 | Snake:1  | Reached XP level 18. HP: 152/182 MP: 13/18
 38216 | Snake:1  | Bought a scroll of teleportation for 48 gold pieces
 38216 | Snake:1  | Bought a potion of heal wounds for 80 gold pieces
 38216 | Snake:1  | Bought a scroll of butterflies for 64 gold pieces
 38219 | Snake:1  | Found Neklalep's Magic Scroll Shop.
 38223 | Snake:1  | Bought a scroll of teleportation for 96 gold pieces
 38223 | Snake:1  | Bought a potion of flight for 96 gold pieces
 38223 | Snake:1  | Bought a potion of haste for 320 gold pieces
 38229 | Snake:1  | Bought a scroll of identify for 26 gold pieces
 38229 | Snake:1  | Bought a scroll of identify for 26 gold pieces
 38490 | Snake:1  | Identified the +1 leather armour "Pipruops" {Rampage
                  | *Corrode rF+ Regen+}
 39118 | Snake:2  | Found Qoariylue's Magic Scroll Shoppe.
 39395 | Snake:2  | Reached skill level 26 in Axes
 39853 | Snake:2  | Found Tofrurr's Book Emporium.
 39854 | Snake:2  | Found Wyras's Jewellery Boutique.
 39856 | Snake:2  | Found Jeotahuq's Book Emporium.
 40152 | Snake:2  | Found Nuc Diol's Weapon Emporium.
 40509 | Snake:2  | Got the Vellum of the Hot Ocelot
 40572 | Snake:3  | Noticed Saint Roka
 40595 | Snake:3  | Killed Saint Roka
 42635 | Snake:4  | Entered Level 4 of the Snake Pit
 42854 | Snake:4  | Reached XP level 19. HP: 187/193 MP: 10/19
 43272 | Snake:4  | Reached skill level 5 in Stealth
 43973 | Snake:4  | Noticed Donald
 43982 | Snake:4  | Killed Donald
 44350 | Snake:4  | Got a serpentine rune of Zot
 44404 | Snake:4  | Identified the ring of Niacarghe {*Corrode rPois rF+
                  | Slay+4}
 44862 | Elf:1    | Entered Level 1 of the Elven Halls
 44862 | Elf:1    | Found Igivuad's Jewellery Shop.
 45546 | Elf:1    | Found Wolat's CLEARANCE SALE!.
 45555 | Elf:1    | Paralysed by an air elemental for 1 turns
 45833 | Elf:2    | Reached skill level 27 in Axes
 46024 | Elf:2    | Acquired 1259 gold pieces
 46061 | Elf:2    | Paralysed by an air elemental for 1 turns
 46315 | Elf:2    | Found a runed translucent gate.
 46315 | Elf:2    | Found a runed translucent gate.
 46315 | Elf:2    | Found a runed translucent gate.
 46323 | Elf:2    | Found Wijecush's Magic Scroll Emporium.
 46387 | Elf:2    | Found Ifurgh's Antique Armour Shoppe.
 46413 | Elf:2    | Bought ancient storm dragon scales for 2720 gold pieces
 46413 | Elf:2    | Identified the +1 storm dragon scales of Plog {rElec rF+
                  | Will+ Stlth+} (You bought it in a shop on level 2 of the
                  | Elven Halls)
 46964 | Elf:2    | Noticed Asterion
 46976 | Elf:2    | Killed Asterion
 47817 | Elf:3    | Entered Level 3 of the Elven Halls
 47819 | Elf:3    | Found an ancient bone altar of Kikubaaqudgha.
 48109 | Elf:3    | Found a runed translucent gate.
 48110 | Elf:3    | Found a runed translucent gate.
 48111 | Elf:3    | Found a runed translucent gate.
 48111 | Elf:3    | Noticed a tentacled monstrosity
 48113 | Elf:3    | Noticed a tentacled monstrosity
 48113 | Elf:3    | Noticed a tentacled monstrosity
 48114 | Elf:3    | Noticed a tentacled monstrosity
 48129 | Elf:3    | Killed a tentacled monstrosity
 48132 | Elf:3    | Killed a tentacled monstrosity
 48166 | Elf:3    | Paralysed by an air elemental for 1 turns
 48212 | Elf:3    | Reached XP level 20. HP: 206/206 MP: 20/20
 48235 | Elf:3    | Found Zuih's Antique Weapon Shop.
 49083 | Elf:3    | Identified the +1 plate armour of Dajebring {Dex+6}
 49087 | Elf:3    | Identified the +3 halberd of Lurchan {freeze, Stlth+}
 49106 | Elf:3    | Identified the +7 chain mail of Baleept {*Corrode rElec rN+
                  | Dex+2}
 49110 | Elf:3    | Identified the +8 scale mail "Awevaginei" {rElec rC+ Will-}
 49180 | Elf:3    | Acquired 617 gold pieces
 49437 | Slime:1  | Entered Level 1 of the Pits of Slime
 53905 | Slime:5  | Entered Level 5 of the Pits of Slime
 53907 | Slime:5  | Gained mutation: Armour fits poorly on your strangely
                  | shaped body. [a shining eye]
 54145 | Slime:5  | Gained mutation: Your flesh is heat resistant. (rF+) [a
                  | shining eye]
 54147 | Slime:5  | Noticed the Royal Jelly
 54186 | Slime:5  | Killed the Royal Jelly
 55119 | Slime:4  | HP: 1/212 [rockslime (25)]
 55120 | Slime:4  | Demolished by a rockslime

Illustrated notes

Levels and vault maps discovered:
D:1:      lemuel_arrival_hallway, layout_basic
D:2:      layout_rooms, shapermc_ecumenical_altar_gd
D:3:      layout_loops_cross
D:4:      layout_loops_cross, chequers_temple_overflow_statue_of_worship,
          serial_shops, shop, minmay_goblin_outpost, uniq_ijyb,
          uniq_crazy_yiuf_cottage
D:5:      layout_loops_ring
D:6:      layout_gridville
D:7:      minmay_chambers_of_fours, layout_basic, minmay_temple_entry_overgrown,
          skrybe_limestone_x
D:8:      layout_rooms, lemuel_doored_altar
D:9:      layout_basic, kennysheep_path_1, uniq_amaemon
D:10:     layout_basic, doesnt_xom_only_xom, erik_lair_island, erik_orc_1,
          serial_shops, shop_fountains
D:11:     layout_cross, muffindrake_ghost_dual_entry
D:12:     layout_rooms
D:13:     layout_long_grid, zin_scriptorium, uniq_urug
D:14:     nzn_winding_woodlands_three_and_one
          [nzn_winding_woodlands_5x15_jagged,
          nzn_winding_woodlands_5x15_longhouse,
          nzn_winding_woodlands_5x15_lazy_stream,
          nzn_winding_woodlands_center_diamonds], layout_cave_pods,
          lightli_vaults_fourway_checkpoint,
          nicolae_dithmenos_through_a_glass_darkly
D:15:     hangedman_depths_entry_try_elsewhere_first, layout_gridville,
          minmay_fire_ice_demons
Temple:   minmay_crystal_spiral_temple
Lair:1:   wad_woods_structure_01, layout_cave_shapes, wad_woods_03
Lair:2:   layout_cave_shapes, elwin_shoals_entry_rooms,
          guppyfry_snake_entry_island, nzn_ghost_randoct, uniq_maggie
Lair:3:   layout_roguey, chequers_serial_rivers_marsh, uniq_sonja
Lair:4:   layout_roguey
Lair:5:   minmay_lair_end_enchanted_forest, layout_gridlike, slime_entry_1,
          infiniplex_staircase_pool
Shoals:1: cheibrodos_shoals_baths, layout_shoals, serial_shops,
          nicolae_shop_stone, nicolae_shoals_land_atoll,
          nicolae_shoals_lost_giant_amphitheater
Shoals:2: layout_shoals, wheals_shoals_ruined_temple
Shoals:3: layout_shoals, portal_ice_cave_entry_ugly_swarm,
          nicolae_shoals_wave_tunnel, uniq_ilsuiw
Shoals:4: shoals_end_grunt_ice, layout_shoals, serial_shops, shop,
          nicolae_shoals_lost_giant_pillars
Snake:1:  layout_misc_corridors, minmay_shoptagon
Snake:2:  minmay_snake_river, layout_misc_corridors, serial_shops,
          nicolae_shop_statue_plus, nicolae_shop_bloodbath_and_beyond,
          nicolae_snake_salamander_stairs, minmay_shop_grove, grunt_megastairs_2
Snake:3:  layout_layer_cave, nicolae_snake_gridmaze_swirls,
          nicolae_snake_gridmaze_squiggle, uniq_saint_roka
Snake:4:  hellmonk_snake_rune_quicksilver_temple, layout_layer_cave, uniq_donald
Slime:1:  layout_caves
Slime:2:  layout_caves
Slime:3:  layout_caves, uniq_dissolution
Slime:4:  layout_caves, nicolae_slime_phagocytosis
Slime:5
Orc:1:    layout_diamond_mine, uniq_snorg, uniq_maurice
Orc:2:    pf_orc_diabolical, layout_diamond_mine, elves_outpost_lemuel
Elf:1:    layout_geoelf_octagon, serial_shops, shop,
          kennysheep_underground_church, nicolae_shop_clearance
Elf:2:    elven_hall_of_blades_hangedman_original [nicolae_blade_bullseye],
          layout_loops_ring, serial_shops, shop, nicolae_shop_hallway_plus,
          drop_trap, uniq_asterion
Elf:3:    elf_hall, layout_loops_corners, basic_altar,
          ploomutoo_gammafunk_ghost_potion_laboratory, serial_shops, shop

Skill      XL: |  1  2  3  4  5  6  7  8  9 10 11 12 13 14 15 16 17 18 19 20 |
---------------+-------------------------------------------------------------+-----
Axes           | 3 5 7 8 10 12 15 17 19 20 22 23 24 25 26 27 | 27.0
Fighting       | 4 5 6 7 8 10 11 13 15 17 19 21 22 24 25 | 25.8
Armour         | 4 5 6 8 10 11 12 13 14 15 16 17 19 | 19.9
Shields        | 4 5 6 |  6.3
Dodging        | 1 2 3 |  3.0
Stealth        | 1 2 3 4 5 |  5.0
Evocations     | 1 3 |  3.8
Throwing       | |  0.3

Action                   |  1- 3 |  4- 6 |  7- 9 | 10-12 | 13-15 | 16-18 | 19-21 || total
-------------------------+-------+-------+-------+-------+-------+-------+-------++-------
Melee: War axe           |    46 |   199 |   282 |    79 |       |       |       ||   606
       Battleaxe         |       |       |       |   356 |   964 |  1018 |   581 ||  2919
       Headbutt          |       |       |       |       |       |   184 |   119 ||   303
Throw: Throwing net      |       |       |       |     1 |       |       |       ||     1
Invok: Potion Petition   |       |       |       |       |       |     2 |     4 ||     6
       Bribe Branch      |       |       |       |       |       |       |     1 ||     1
Evoke: Wand              |       |       |       |     6 |       |    28 |       ||    34
       Phantom mirror    |       |       |       |       |       |       |     1 ||     1
       Condenser vane    |       |       |       |       |       |       |     1 ||     1
  Use: Potion            |     1 |     3 |     3 |     6 |     7 |     9 |     5 ||    34
       Scroll            |       |    11 |     2 |     9 |    10 |     8 |     6 ||    46
 Stab: Invisible         |       |       |       |     3 |       |     3 |       ||     6
       Distracted        |       |       |       |     2 |     8 |     7 |     5 ||    22
       Petrified         |       |       |       |       |       |     2 |       ||     2
       Petrifying        |       |       |       |       |       |     1 |       ||     1
Armor: Scale mail        |    24 |    13 |       |       |       |       |       ||    37
       Plate armour      |       |   152 |   237 |   303 |   510 |   597 |    67 ||  1866
       Crystal plate arm |       |       |       |       |       |       |   367 ||   367
Dodge: Dodged            |    16 |    69 |    88 |   267 |   422 |   495 |   268 ||  1625
Block: Buckler           |     7 |    60 |    59 |    40 |       |       |       ||   166
